[Event "FIDE WYCC Girls U14 2023"]
[Site "Montesilvano"]
[Date "2023.11.23"]
[Round "10.8"]
[White "Natoli, Alessia"]
[Black "Orazalina, Nursulu"]
[Result "1-0"]
[ECO "D45"]
[WhiteElo "1756"]
[BlackElo "1428"]
[Annotator "NA RC"]
[PlyCount "57"]
[EventDate "2023.11.13"]
[EventType "swiss"]
[EventCountry "ITA"]
[SourceTitle "playchess.com"]
[Source "ChessBase"]
[SourceQuality "1"]
[TimeControl "40/5400+30:1800+30"]

1. d4 d5 2. c4 c6 3. Nf3 Nf6 4. Nc3 e6 5. e3 Nbd7 6. Qc2 a6 7. b3 b6 8. Bd3 Bb7 9. O-O Be7 10. Bb2 c5 11. cxd5 exd5 12. Rad1 Rc8 13. Qe2 a5 14. dxc5 bxc5 15. e4 d4 16. Nb1 Qc7 17. Na3 O-O 18. Nc4 Bd6 19. Rde1 Rfe8 20. Qc2 h6 21. Bc1 Ba6 22. Nxd6 Qxd6 23. e5 Bxd3 24. Qxd3 Qc6 25. exf6 Nxf6 26. Ne5 Qd5 27. Nc4 Ne4 28. f3 Nc3 29. Nb6 1-0

[Event "FIDE WYCC Girls U14 2023"]
[Site "Montesilvano"]
[Date "2023.11.23"]
[Round "10.9"]
[White "Jankovic, Tamara"]
[Black "Derlich, Sarah Sima"]
[Result "0-1"]
[ECO "B13"]
[WhiteElo "1711"]
[BlackElo "1745"]
[Annotator "NA RC"]
[PlyCount "96"]
[EventDate "2023.11.13"]
[EventType "swiss"]
[EventCountry "ITA"]
[SourceTitle "playchess.com"]
[Source "ChessBase"]
[SourceQuality "1"]
[TimeControl "40/5400+30:1800+30"]

1. e4 c6 2. d4 d5 3. exd5 cxd5 4. Bd3 Nc6 5. c3 Nf6 6. h3 e5 7. dxe5 Nxe5 8. Nf3 Nxd3+ 9. Qxd3 Bd6 10. O-O O-O 11. Bg5 h6 12. Be3 Bd7 13. Nbd2 Bc6 14. Nd4 Rc8 15. Rfe1 Re8 16. N2b3 Ne4 17. Rad1 Bb8 18. Nf5 Qf6 19. g4 g6 20. Bd4 Qg5 21. Be3 Qd8 22. Nxh6+ Kg7 23. Nd4 Qc7 24. Nf3 Qd7 25. Qd4+ f6 26. Kg2 Be5 27. Qd3 Bb5 28. Qxd5 Qxd5 29. Rxd5 Bc6 30. Rd3 Ng5 31. Bxg5 fxg5 32. Kf1 Bb5 33. Nxe5 Rxe5 34. Rxe5 Bxd3+ 35. Ke1 Kxh6 36. Re7 Ba6 37. Re3 Kg7 38. b3 Rc7 39. Kd2 Rd7+ 40. Kc2 Rf7 41. f3 Bf1 42. c4 Bg2 43. Re5 Rxf3 44. Rxg5 Bxh3 45. Rb5 Rf7 46. g5 Bg2 47. Re5 Rf5 48. Re7+ Kf8 0-1

[Event "FIDE WYCC Girls U14 2023"]
[Site "Montesilvano"]
[Date "2023.11.23"]
[Round "10.10"]
[White "Zhang, Michelle"]
[Black "Nguyen, Thuy Linh"]
[Result "1/2-1/2"]
[ECO "B50"]
[WhiteElo "1833"]
[BlackElo "1398"]
[Annotator "NA RC"]
[PlyCount "97"]
[EventDate "2023.11.13"]
[EventType "swiss"]
[EventCountry "ITA"]
[SourceTitle "playchess.com"]
[Source "ChessBase"]
[SourceQuality "1"]
[TimeControl "40/5400+30:1800+30"]

1. e4 c5 2. Nf3 d6 3. c3 Nf6 4. Be2 g6 5. d3 Bg7 6. O-O O-O 7. Nbd2 Nc6 8. Re1 Rb8 9. Nf1 e5 10. Ng3 d5 11. Qc2 b6 12. Be3 Bb7 13. Rad1 d4 14. Bg5 h6 15. Bc1 Qe7 16. Rf1 Rbc8 17. h4 Na5 18. Qd2 dxc3 19. Qxc3 Ne8 20. h5 Nd6 21. b3 g5 22. Nh2 Nc6 23. Bg4 Rc7 24. Qd2 Nd4 25. Bb2 Bc8 26. Bxc8 Rfxc8 27. Ng4 Qe6 28. Ne3 Ne8 29. Nd5 Rc6 30. Bxd4 cxd4 31. Nf5 Bf8 32. Rc1 Nf6 33. Nxf6+ Qxf6 34. Rxc6 Qxc6 35. g3 Qc2 36. Rd1 Qxd2 37. Rxd2 Rc1+ 38. Kg2 Bb4 39. Re2 Bf8 40. Rd2 f6 41. f4 a5 42. fxe5 fxe5 43. Rf2 Rc3 44. Rd2 Rc1 45. Kf3 Bb4 46. Rf2 Bf8 47. Rd2 Bb4 48. Rf2 Bf8 49. Rd2 1/2-1/2

[Event "FIDE WYCC Girls U14 2023"]
[Site "Montesilvano"]
[Date "2023.11.23"]
[Round "10.11"]
[White "Agamyradova, Mahri"]
[Black "Romany, Joy"]
[Result "*"]
[WhiteElo "1652"]
[BlackElo "1764"]
[Annotator "NA RC"]
[PlyCount "45"]
[EventDate "2023.11.13"]
[EventType "swiss"]
[EventCountry "ITA"]
[SourceTitle "playchess.com"]
[Source "ChessBase"]
[SourceQuality "1"]
[TimeControl "40/5400+30:1800+30"]

1. d4 d5 2. Nf3 Nf6 3. Bf4 c5 4. e3 Nc6 5. Nbd2 Qb6 6. dxc5 Qxb2 7. Rb1 Qc3 8. Bb5 Ne4 9. O-O Nxd2 10. Nxd2 e6 11. e4 Qxc5 12. exd5 Qxd5 13. c4 Qf5 14. Bxc6+ bxc6 15. Qa4 Bd7 16. Bg3 Bc5 17. Rb7 Rd8 18. Bc7 Rc8 19. Nb3 Rxc7 20. Rxc7 Bd6 21. Rxd7 Kxd7 22. Qxa7+ Kc8 23. Na5 *

[Event "FIDE WYCC Girls U14 2023"]
[Site "Montesilvano"]
[Date "2023.11.23"]
[Round "10.12"]
[White "Gaszka, Zuzanna"]
[Black "Diasamidze, Lulu"]
[Result "1-0"]
[ECO "B40"]
[WhiteElo "1758"]
[BlackElo "1676"]
[Annotator "NA RC"]
[PlyCount "115"]
[EventDate "2023.11.13"]
[EventType "swiss"]
[EventCountry "ITA"]
[SourceTitle "playchess.com"]
[Source "ChessBase"]
[SourceQuality "1"]
[TimeControl "40/5400+30:1800+30"]

1. e4 c5 2. Nf3 e6 3. c3 d5 4. exd5 Qxd5 5. d4 Nf6 6. Na3 Nc6 7. Be3 cxd4 8. Nb5 Qd8 9. Nbxd4 Nxd4 10. Bxd4 Be7 11. Bd3 O-O 12. Qe2 Nd5 13. O-O Bf6 14. Qe4 g6 15. Ne5 Nc7 16. Rad1 Qe7 17. Rfe1 Re8 18. Ng4 Bg7 19. Bxg7 Kxg7 20. Qe5+ f6 21. Nxf6 Qxf6 22. Qxc7+ Re7 23. Qg3 e5 24. Re3 Bf5 25. Bxf5 Qxf5 26. Rde1 Rae8 27. Qh4 a6 28. h3 b5 29. Qb4 Qe6 30. b3 Qc6 31. Qg4 Qd6 32. Rd1 Qa3 33. Qe2 Qc5 34. h4 h5 35. Rg3 Kh7 36. Qe4 Qb6 37. Rdd3 Rf7 38. Rgf3 Rxf3 39. Rxf3 Qe6 40. Re3 Qb6 41. Qd5 Qe6 42. Qe4 Qb6 43. Rf3 Qe6 44. Rd3 Qf6 45. c4 bxc4 46. Qxc4 Re7 47. Rf3 Qd6 48. Rf8 Rc7 49. Qg8+ Kh6 50. Qh8+ Rh7 51. Qf6 Qd1+ 52. Kh2 Qg4 53. g3 e4 54. Qxa6 e3 55. fxe3 Rd7 56. Rf2 Qe4 57. Qe2 Rd3 58. Qf3 1-0

[Event "FIDE WYCC Girls U14 2023"]
[Site "Montesilvano"]
[Date "2023.11.23"]
[Round "10.13"]
[White "Mueller, Riyanna"]
[Black "Suyamin, Bonjoure Fille"]
[Result "1/2-1/2"]
[ECO "B13"]
[WhiteElo "1754"]
[BlackElo "1570"]
[Annotator "NA RC"]
[PlyCount "114"]
[EventDate "2023.11.13"]
[EventType "swiss"]
[EventCountry "ITA"]
[SourceTitle "playchess.com"]
[Source "ChessBase"]
[SourceQuality "1"]
[TimeControl "40/5400+30:1800+30"]

1. e4 c6 2. d4 d5 3. exd5 Qxd5 4. Nc3 Qa5 5. Nf3 Nf6 6. Bc4 Bf5 7. O-O e6 8. Re1 Be7 9. Qe2 O-O 10. Bb3 Bd6 11. Bg5 Nbd7 12. Rad1 Bg4 13. Bxf6 Nxf6 14. h3 Bh5 15. g4 Bg6 16. Ne5 Nd5 17. Nxd5 cxd5 18. h4 Bxe5 19. dxe5 h6 20. Rd4 Rac8 21. c3 Qd8 22. h5 Be4 23. f3 Bh7 24. c4 Qb6 25. Qf2 dxc4 26. Rxc4 Rxc4 27. Bxc4 Qb4 28. Bb3 Rd8 29. Re2 a5 30. Bc2 Qf4 31. Bxh7+ Kxh7 32. Kg2 Rd5 33. Qe1 g6 34. hxg6+ Kxg6 35. Qc3 Qg5 36. Qc2+ Kg7 37. Qe4 h5 38. b3 b5 39. Kg3 Rd1 40. Re1 Rd2 41. Re2 Rd1 42. Re1 Rxe1 43. Qxe1 a4 44. bxa4 bxa4 45. a3 h4+ 46. Kg2 Qf4 47. Qxh4 Qxe5 48. Qe7 Qf4 49. Qc5 e5 50. Qe7 Kg6 51. Qf8 Qd2+ 52. Kg3 Qe3 53. Qe7 Qg1+ 54. Kh3 Qh1+ 55. Kg3 Qg1+ 56. Kh3 Qh1+ 57. Kg3 Qg1+ 1/2-1/2

[Event "FIDE WYCC Girls U14 2023"]
[Site "Montesilvano"]
[Date "2023.11.23"]
[Round "10.14"]
[White "Aswinika Mani R"]
[Black "Trunz, Tamila"]
[Result "0-1"]
[ECO "B40"]
[WhiteElo "1472"]
[BlackElo "1732"]
[Annotator "NA RC"]
[PlyCount "84"]
[EventDate "2023.11.13"]
[EventType "swiss"]
[EventCountry "ITA"]
[SourceTitle "playchess.com"]
[Source "ChessBase"]
[SourceQuality "1"]
[TimeControl "40/5400+30:1800+30"]

1. e4 c5 2. Nf3 e6 3. d4 cxd4 4. Nxd4 Qb6 5. c3 a6 6. Nd2 Nf6 7. Bd3 Qc7 8. O-O Be7 9. f4 d6 10. N2f3 Nbd7 11. Qe2 Nc5 12. Bb1 e5 13. fxe5 dxe5 14. Nf5 Bxf5 15. exf5 Nfd7 16. Bc2 b6 17. b4 Nb7 18. Bb2 O-O 19. Rad1 Rfe8 20. Rd5 Bd6 21. Be4 b5 22. Rd2 Be7 23. Rfd1 Rad8 24. h4 Nd6 25. Bd5 Nxf5 26. Bxf7+ Kxf7 27. Rxd7 Rxd7 28. Rxd7 Qb6+ 29. Qf2 Qxf2+ 30. Kxf2 e4 31. Ng5+ Kg6 32. Ra7 Bxg5 33. hxg5 e3+ 34. Ke1 Nh4 35. Rxa6+ Kxg5 36. Bc1 Kg4 37. Rd6 Nxg2+ 38. Ke2 Nf4+ 39. Ke1 Kf3 40. Bxe3 Rxe3+ 41. Kf1 Rd3 42. Rxd3+ Nxd3 0-1

[Event "FIDE WYCC Girls U14 2023"]
[Site "Montesilvano"]
[Date "2023.11.23"]
[Round "10.15"]
[White "Dicen, Elis Denele"]
[Black "Mohd Afif, Ainul Mardhiah"]
[Result "1/2-1/2"]
[ECO "E51"]
[WhiteElo "1976"]
[BlackElo "1478"]
[Annotator "NA RC"]
[PlyCount "181"]
[EventDate "2023.11.13"]
[EventType "swiss"]
[EventCountry "ITA"]
[SourceTitle "playchess.com"]
[Source "ChessBase"]
[SourceQuality "1"]
[TimeControl "40/5400+30:1800+30"]

1. d4 Nf6 2. c4 e6 3. Nc3 Bb4 4. e3 O-O 5. Nf3 d5 6. Bd2 b6 7. cxd5 exd5 8. Bd3 Bb7 9. O-O Nbd7 10. Rc1 c5 11. b3 a6 12. Ne2 Bxd2 13. Qxd2 Qe7 14. Qb2 Rfe8 15. Ng3 Ne4 16. dxc5 Nxg3 17. hxg3 bxc5 18. Qc2 g6 19. Rfe1 Rac8 20. Qe2 Qf6 21. Qd2 Ne5 22. Nxe5 Rxe5 23. Rc2 Qc6 24. Bf1 Qd6 25. Rec1 Re7 26. b4 Rec7 27. bxc5 Rxc5 28. Rxc5 Rxc5 29. Rb1 Rc7 30. Qd4 Bc8 31. Rd1 Be6 32. a4 Qc6 33. Be2 a5 34. Rb1 Rc8 35. Bb5 Qc2 36. Rd1 Qc3 37. Qxc3 Rxc3 38. Rd2 Kg7 39. Kh2 h6 40. Rb2 Kf6 41. Rb1 Bf5 42. Rd1 Ke5 43. Kg1 g5 44. Kf1 f6 45. Rd2 Rc2 46. Rd1 Kd6 47. f3 Kc5 48. Rd4 Rb2 49. Rd1 g4 50. Rd4 Rb4 51. Rd2 d4 52. Kf2 dxe3+ 53. Kxe3 Be6 54. Rd8 Bd5 55. Rc8+ Kd6 56. fxg4 Bxg2 57. Rf8 Ke7 58. Rh8 Rxg4 59. Rxh6 Rxg3+ 60. Kf2 Rg7 61. Rh4 Kd6 62. Rc4 f5 63. Rc8 Be4 64. Re8 Rc7 65. Rf8 Kc5 66. Ke3 Kb4 67. Kd4 Bc2 68. Ke3 Re7+ 69. Kd2 Be4 70. Rf6 Rc7 71. Rf8 Rc5 72. Rb8 Ka3 73. Ke3 Bc2 74. Kd4 Rc7 75. Bc4 Kxa4 76. Rb2 Be4 77. Kc3 Rxc4+ 78. Kxc4 Ka3 79. Kc3 Ka4 80. Kc4 Ka3 81. Rf2 Bb1 82. Kc3 Be4 83. Rb2 Ka4 84. Rf2 Kb5 85. Kb2 Kb4 86. Rf4 a4 87. Ka1 Kc3 88. Rf2 Kd3 89. Rxf5 Bxf5 90. Ka2 Kc2 91. Ka1 1/2-1/2

[Event "FIDE WYCC Girls U14 2023"]
[Site "Montesilvano"]
[Date "2023.11.23"]
[Round "10.16"]
[White "Toth, Lili"]
[Black "Viti, Greta"]
[Result "1-0"]
[ECO "D11"]
[WhiteElo "2199"]
[BlackElo "1644"]
[Annotator "RC"]
[PlyCount "99"]
[EventDate "2023.11.13"]
[EventType "swiss"]
[EventCountry "ITA"]
[SourceTitle "playchess.com"]
[Source "ChessBase"]
[SourceQuality "1"]
[TimeControl "40/5400+30:1800+30"]

1. d4 d5 2. c4 c6 3. Nf3 Nf6 4. e3 Bg4 5. Nc3 e6 6. h3 Bxf3 7. Qxf3 Nbd7 8. Bd2 Bd6 9. cxd5 cxd5 10. Bd3 Rc8 11. O-O O-O 12. Rfc1 Qe7 13. e4 dxe4 14. Nxe4 Nxe4 15. Bxe4 b6 16. d5 exd5 17. Bxd5 Nf6 18. Re1 Qd7 19. Bb3 Bh2+ 20. Kxh2 Qxd2 21. Re2 Qg5 22. Rae1 Qc5 23. g3 h6 24. Kg2 Qd6 25. Re3 Qd8 26. Re5 Rc7 27. h4 Rd7 28. R1e2 Rd3 29. R5e3 Rxe3 30. Rxe3 Qd7 31. Rd3 Qc7 32. Rc3 Qd7 33. Qc6 Qd4 34. Qb7 Nd7 35. Rc8 Rxc8 36. Qxc8+ Nf8 37. Qe8 Qd7 38. Qe4 Qc7 39. a3 Qd7 40. Bd5 Ng6 41. b4 Ne7 42. Bb3 Qc7 43. a4 Nc6 44. Qe8+ Kh7 45. Bxf7 Ne7 46. b5 Qe5 47. Bg8+ Kh8 48. Be6+ Kh7 49. Qxe7 Qe4+ 50. Kh2 1-0

[Event "FIDE WYCC Girls U14 2023"]
[Site "Montesilvano"]
[Date "2023.11.23"]
[Round "10.17"]
[White "Mkrtchyan, Anahit H."]
[Black "Zagorac, Lara"]
[Result "1/2-1/2"]
[ECO "B23"]
[WhiteElo "1630"]
[BlackElo "1866"]
[Annotator "NA RC"]
[PlyCount "99"]
[EventDate "2023.11.13"]
[EventType "swiss"]
[EventCountry "ITA"]
[SourceTitle "playchess.com"]
[Source "ChessBase"]
[SourceQuality "1"]
[TimeControl "40/5400+30:1800+30"]

1. e4 c5 2. Nc3 a6 3. g3 b5 4. Bg2 Bb7 5. Nge2 g6 6. d4 cxd4 7. Nxd4 Bg7 8. O-O Nc6 9. Be3 h5 10. Nxc6 Bxc6 11. Nd5 Bxd5 12. exd5 d6 13. Bd4 Nf6 14. a4 O-O 15. Re1 Qd7 16. Qe2 Rac8 17. axb5 Qxb5 18. Qxb5 axb5 19. c3 Rfe8 20. Bf1 Nxd5 21. Bxb5 Red8 22. Bxg7 Kxg7 23. Ra7 e6 24. c4 Nc7 25. Ba4 Kf6 26. b4 Ra8 27. Rxa8 Nxa8 28. f4 Nb6 29. Bb5 Rc8 30. Rc1 Kf5 31. Kf2 Ke4 32. c5 dxc5 33. Rxc5 Rd8 34. Ke2 Kd4 35. Rc6 Rb8 36. Bd3 Kd5 37. b5 e5 38. Ke3 exf4+ 39. gxf4 Re8+ 40. Kf3 Kd4 41. Bxg6 fxg6 42. Rxb6 Re3+ 43. Kf2 Rb3 44. Rxg6 Ke4 45. Rf6 h4 46. Kg2 h3+ 47. Kf2 Rf3+ 48. Ke2 Rb3 49. Kf2 Rf3+ 50. Ke2 1/2-1/2

[Event "FIDE WYCC Girls U14 2023"]
[Site "Montesilvano"]
[Date "2023.11.23"]
[Round "10.18"]
[White "Wojs, Alicja"]
[Black "Sneha Halder"]
[Result "1/2-1/2"]
[ECO "B19"]
[WhiteElo "1630"]
[BlackElo "1807"]
[Annotator "NA RC"]
[PlyCount "93"]
[EventDate "2023.11.13"]
[EventType "swiss"]
[EventCountry "ITA"]
[SourceTitle "playchess.com"]
[Source "ChessBase"]
[SourceQuality "1"]
[TimeControl "40/5400+30:1800+30"]

1. e4 c6 2. d4 d5 3. Nd2 dxe4 4. Nxe4 Bf5 5. Ng3 Bg6 6. h4 h6 7. Nf3 Nd7 8. h5 Bh7 9. Bd3 Bxd3 10. Qxd3 Ngf6 11. Bd2 e6 12. O-O-O Be7 13. Kb1 Qc7 14. Ne4 Nxe4 15. Qxe4 Nf6 16. Qe2 O-O-O 17. c4 c5 18. Bc3 Qf4 19. Qe5 Qe4+ 20. Ka1 Qxe5 21. Nxe5 Rhf8 22. f3 cxd4 23. Rxd4 Nxh5 24. Rxd8+ Rxd8 25. Nxf7 Rf8 26. Rxh5 Rxf7 27. Kb1 Bf6 28. Kc2 Bxc3 29. Kxc3 Kd7 30. b4 Kd6 31. c5+ Kc6 32. Re5 Rf6 33. a4 a6 34. Kc4 g5 35. b5+ axb5+ 36. axb5+ Kd7 37. Kd4 Rg6 38. Re4 Rf6 39. Re5 Rf8 40. Re2 h5 41. Re5 Rg8 42. c6+ bxc6 43. bxc6+ Kd6 44. c7 Kxc7 45. Rxe6 h4 46. Ke4 g4 47. fxg4 1/2-1/2

[Event "FIDE WYCC Girls U14 2023"]
[Site "Montesilvano"]
[Date "2023.11.23"]
[Round "10.19"]
[White "Skramstad, Oda Kofoed"]
[Black "Sezdbekova, Aizhan"]
[Result "1-0"]
[ECO "A55"]
[WhiteElo "1801"]
[BlackElo "1594"]
[Annotator "NA RC"]
[PlyCount "131"]
[EventDate "2023.11.13"]
[EventType "swiss"]
[EventCountry "ITA"]
[SourceTitle "playchess.com"]
[Source "ChessBase"]
[SourceQuality "1"]
[TimeControl "40/5400+30:1800+30"]

1. d4 d6 2. Nf3 Nf6 3. c4 Nbd7 4. Nc3 e5 5. e4 Be7 6. Be2 O-O 7. O-O h6 8. a3 Re8 9. Qc2 Bf8 10. Rd1 exd4 11. Nxd4 Nc5 12. f3 g6 13. Be3 Bg7 14. Bf2 Nh5 15. Bf1 Qg5 16. Nce2 Ne6 17. Qd2 Qe7 18. Rac1 Kh7 19. b4 Bd7 20. Nxe6 Qxe6 21. Nc3 Be5 22. Be3 g5 23. c5 Rad8 24. cxd6 Bc6 25. Qc2 cxd6 26. b5 Bd7 27. Nd5 Rc8 28. Qd2 Qg6 29. Rxc8 Bxc8 30. Rc1 Nf6 31. Bd3 Nxd5 32. exd5 Bf5 33. Bf1 Re7 34. g4 Bd7 35. Bd3 f5 36. Rc7 Qf7 37. Qc2 Kh8 38. gxf5 Bg7 39. Bf2 Qf6 40. Rxb7 Be8 41. Rxe7 Qxe7 42. Qe2 Be5 43. Qc2 Qb7 44. Qc4 Kg8 45. Kg2 Kf8 46. a4 h5 47. Bd4 Qe7 48. Bf2 h4 49. h3 Qb7 50. a5 Bd7 51. b6 axb6 52. axb6 Kf7 53. Qa6 Bc8 54. Qc4 Kf8 55. Qg4 Bf6 56. Qh5 Qg7 57. Bb5 Qe7 58. Qg4 Bb7 59. Qc4 Qf7 60. Bc6 Bd8 61. Bxb7 Qxb7 62. Qc6 Qb8 63. b7 Ke7 64. Qc8 Bc7 65. Bb6 Kf6 66. Qxc7 1-0

[Event "FIDE WYCC Girls U14 2023"]
[Site "Montesilvano"]
[Date "2023.11.23"]
[Round "10.20"]
[White "Sun, Wanyao Sarah"]
[Black "Li Chen, Helena Joana"]
[Result "1/2-1/2"]
[ECO "B22"]
[WhiteElo "1593"]
[BlackElo "1799"]
[Annotator "NA RC"]
[PlyCount "115"]
[EventDate "2023.11.13"]
[EventType "swiss"]
[EventCountry "ITA"]
[SourceTitle "playchess.com"]
[Source "ChessBase"]
[SourceQuality "1"]
[TimeControl "40/5400+30:1800+30"]

1. e4 c5 2. c3 Nf6 3. e5 Nd5 4. d4 cxd4 5. cxd4 e6 6. Nf3 b6 7. Nc3 Nxc3 8. bxc3 Qc7 9. Bd2 Bb7 10. Bd3 d6 11. O-O Nd7 12. exd6 Bxd6 13. Re1 O-O 14. h3 Rac8 15. Ng5 Nf6 16. Ne4 Nxe4 17. Bxe4 Bxe4 18. Rxe4 Qc6 19. Qe2 Rfd8 20. Rh4 Be7 21. Rg4 Bf6 22. Bh6 Kh8 23. Bd2 Qc4 24. Qf3 Rd5 25. Rf4 Kg8 26. Rxf6 gxf6 27. Bh6 Qxc3 28. Rc1 Qxc1+ 29. Bxc1 Rxc1+ 30. Kh2 Kg7 31. h4 Rc8 32. Qg3+ Kf8 33. Qa3+ Kg7 34. Qg3+ Kh8 35. Qf3 Rf5 36. Qb7 Rg8 37. f3 Kg7 38. Qxa7 Ra5 39. Qxb6 Rxa2 40. Qc7 h6 41. Kh1 Rd2 42. Qf4 Rd1+ 43. Kh2 Rd8 44. Qg4+ Kh7 45. Qh5 Rd7 46. g4 Kg7 47. g5 hxg5 48. hxg5 f5 49. Qh6+ Kg8 50. g6 fxg6 51. Qxg6+ Kf8 52. Qxe6 R1xd4 53. Qxf5+ Kg7 54. Qg5+ Kf7 55. Qf5+ Kg7 56. Qg5+ Kf7 57. Qf5+ Kg7 58. Qg5+ 1/2-1/2

[Event "FIDE WYCC Girls U14 2023"]
[Site "Montesilvano"]
[Date "2023.11.23"]
[Round "10.21"]
[White "Montano Vicente, Guadalupe"]
[Black "Kazhiakhmetova, Yerkenaz"]
[Result "1-0"]
[ECO "D10"]
[WhiteElo "1794"]
[BlackElo "1218"]
[Annotator "NA RC"]
[PlyCount "69"]
[EventDate "2023.11.13"]
[EventType "swiss"]
[EventCountry "ITA"]
[SourceTitle "playchess.com"]
[Source "ChessBase"]
[SourceQuality "1"]
[TimeControl "40/5400+30:1800+30"]

1. d4 d5 2. c4 c6 3. cxd5 cxd5 4. Nc3 Nf6 5. Bf4 e6 6. e3 Be7 7. Bd3 O-O 8. Nf3 a6 9. O-O Nc6 10. Rc1 Bd7 11. Re1 Nh5 12. Be5 f6 13. Bf4 Nxf4 14. exf4 Bd6 15. f5 Re8 16. fxe6 Bxe6 17. Qb3 Kh8 18. a3 Qd7 19. Re2 Bf7 20. Rce1 Rxe2 21. Rxe2 Bc7 22. Qc2 Bh5 23. Bf5 Qd8 24. g4 Bf7 25. Bxh7 Qd6 26. Qd3 Qf4 27. h3 Qh6 28. Bf5 g6 29. g5 Qh7 30. Bd7 f5 31. Bxc6 Qxh3 32. Ne5 Qxd3 33. Nxd3 bxc6 34. Re7 Ra7 35. Ne5 1-0

[Event "FIDE WYCC Girls U14 2023"]
[Site "Montesilvano"]
[Date "2023.11.23"]
[Round "10.22"]
[White "Zadrapova, Amalie"]
[Black "Sodgerelt Naranbold"]
[Result "0-1"]
[ECO "B90"]
[WhiteElo "1753"]
[BlackElo "1419"]
[Annotator "NA RC"]
[PlyCount "88"]
[EventDate "2023.11.13"]
[EventType "swiss"]
[EventCountry "ITA"]
[SourceTitle "playchess.com"]
[Source "ChessBase"]
[SourceQuality "1"]
[TimeControl "40/5400+30:1800+30"]

1. e4 c5 2. Nf3 d6 3. d4 cxd4 4. Nxd4 Nf6 5. Nc3 a6 6. Be3 e5 7. Nf3 Qc7 8. Qd2 b5 9. a3 Bb7 10. Bd3 Be7 11. Bg5 Nbd7 12. O-O Nc5 13. Rfe1 h6 14. Bxf6 Bxf6 15. Bxb5+ axb5 16. Nxb5 Qd7 17. Nxd6+ Kf8 18. b4 Ne6 19. Nxb7 Qxb7 20. a4 Rd8 21. Qc3 Nd4 22. a5 Rc8 23. a6 Qa8 24. Qd3 Nxc2 25. b5 Nxe1 26. Nxe1 Rb8 27. Nc2 Kg8 28. Nb4 Kh7 29. Nd5 Bd8 30. Qc4 Bb6 31. Nf6+ Kg6 32. Nd7 Qa7 33. Nxe5+ Kh7 34. Nd3 Rbc8 35. Qd5 Rhd8 36. Qb3 Bd4 37. Nb2 Rc3 38. Qb4 Rc2 39. Kh1 Rxb2 40. Qe1 Rxb5 41. Rd1 Bxf2 42. Qe2 Qe3 43. Qxe3 Rxd1+ 44. Qe1 Rxe1# 0-1

[Event "FIDE WYCC Girls U14 2023"]
[Site "Montesilvano"]
[Date "2023.11.23"]
[Round "10.23"]
[White "Zerarga, Imene"]
[Black "Stefan, Iulia-Cristiana"]
[Result "0-1"]
[ECO "C55"]
[WhiteElo "1514"]
[BlackElo "1748"]
[Annotator "NA RC"]
[PlyCount "84"]
[EventDate "2023.11.13"]
[EventType "swiss"]
[EventCountry "ITA"]
[SourceTitle "playchess.com"]
[Source "ChessBase"]
[SourceQuality "1"]
[TimeControl "40/5400+30:1800+30"]

1. e4 e5 2. Nf3 Nc6 3. Bc4 Nf6 4. d3 h6 5. c3 d6 6. Nbd2 g6 7. O-O Bg7 8. Re1 O-O 9. Nf1 Na5 10. Bb5 a6 11. Ba4 b5 12. Bc2 c5 13. d4 exd4 14. cxd4 Bg4 15. d5 Re8 16. h3 Bxf3 17. gxf3 Qd7 18. Kh2 Nh7 19. f4 Nc4 20. Rb1 Re7 21. Ng3 Rae8 22. Rg1 Kh8 23. h4 Bd4 24. Rg2 Nf6 25. f3 Ne3 26. Bxe3 Bxe3 27. f5 Bf4 28. Kh1 Bxg3 29. Rxg3 gxf5 30. Qd2 Kh7 31. exf5 Re2 32. Qc3 Qe7 33. Be4 b4 34. Qd3 Nxe4 35. fxe4 Qxh4+ 36. Rh3 Qxe4+ 37. Qxe4 R8xe4 38. Rg1 Rf4 39. f6 Rxf6 40. Rhg3 Rg6 41. Rxg6 fxg6 42. Rf1 Kg7 0-1

[Event "FIDE WYCC Girls U14 2023"]
[Site "Montesilvano"]
[Date "2023.11.23"]
[Round "10.24"]
[White "Petergova, Stella"]
[Black "Saparya Ghosh"]
[Result "*"]
[ECO "B22"]
[WhiteElo "1191"]
[BlackElo "1659"]
[Annotator "NA RC"]
[PlyCount "84"]
[EventDate "2023.11.13"]
[EventType "swiss"]
[EventCountry "ITA"]
[SourceTitle "playchess.com"]
[Source "ChessBase"]
[SourceQuality "1"]
[TimeControl "40/5400+30:1800+30"]

1. e4 c5 2. c3 Nf6 3. e5 Nd5 4. d4 cxd4 5. cxd4 Nc6 6. Nf3 d6 7. Bc4 Nb6 8. Bb5 Bd7 9. Nc3 e6 10. O-O Nb4 11. Be2 Bc6 12. a3 N4d5 13. Nxd5 Nxd5 14. Bd3 Be7 15. Qe2 Qb6 16. b4 a6 17. Bd2 Bb5 18. Rac1 O-O 19. Rc2 Rad8 20. Bxb5 axb5 21. Qe4 Qa7 22. Bg5 h6 23. Bc1 dxe5 24. dxe5 Rc8 25. Bb2 Qb8 26. Rfc1 Nb6 27. Qe2 Nc4 28. Rb1 Qa7 29. h3 Qa4 30. Nd4 Rfd8 31. Nxb5 Qxb5 32. Rbc1 Bg5 33. Rxc4 Bxc1 34. Rxc8 Qxe2 35. Rxd8+ Kh7 36. Bxc1 Qe1+ 37. Kh2 Qxc1 38. Rd7 Qf4+ 39. Kg1 b5 40. g3 Qxe5 41. Rxf7 Qa1+ 42. Kh2 Qxa3 *

[Event "FIDE WYCC Girls U14 2023"]
[Site "Montesilvano"]
[Date "2023.11.23"]
[Round "10.25"]
[White "Stoll, Lucia"]
[Black "Rice, Leah"]
[Result "1/2-1/2"]
[ECO "B12"]
[WhiteElo "1887"]
[BlackElo "1499"]
[Annotator "NA RC"]
[PlyCount "102"]
[EventDate "2023.11.13"]
[EventType "swiss"]
[EventCountry "ITA"]
[SourceTitle "playchess.com"]
[Source "ChessBase"]
[SourceQuality "1"]
[TimeControl "40/5400+30:1800+30"]

1. e4 c6 2. d4 d5 3. e5 c5 4. dxc5 e6 5. a3 Bxc5 6. Nf3 Nd7 7. b4 Be7 8. Bb2 f6 9. Bd3 Nh6 10. O-O Nf7 11. Nd4 Qb6 12. exf6 Bxf6 13. Qg4 Nde5 14. Bb5+ Qxb5 15. Nxb5 Nxg4 16. Bxf6 Nxf6 17. Nc7+ Kd7 18. Nxa8 b6 19. Re1 Re8 20. Nc3 Bb7 21. Nxb6+ axb6 22. Na4 Bc6 23. Nb2 Rc8 24. c4 Nd6 25. Rad1 Ra8 26. Rd3 Ke7 27. cxd5 Nxd5 28. f3 Kd7 29. Rb3 Bb5 30. Rc1 Nf5 31. Rd1 Kd6 32. Kf2 e5 33. a4 Nd4 34. Rxd4 exd4 35. axb5 Rc8 36. Nd3 Rc2+ 37. Kg3 Ne3 38. Rb2 Rxb2 39. Nxb2 Kd5 40. Kf2 Nc2 41. Ke2 Nxb4 42. Na4 Kc4 43. Nxb6+ Kxb5 44. Nd7 Kc4 45. Kd2 d3 46. g3 Nc6 47. f4 Kd4 48. Ne5 Nxe5 49. fxe5 Kxe5 50. Kxd3 Kf5 51. h3 Ke5 1/2-1/2

[Event "FIDE WYCC Girls U14 2023"]
[Site "Montesilvano"]
[Date "2023.11.23"]
[Round "10.26"]
[White "Maklakova, Naomi"]
[Black "Haapsal, Maria Ioanna"]
[Result "1-0"]
[ECO "A45"]
[WhiteElo "1873"]
[BlackElo "1597"]
[Annotator "NA"]
[PlyCount "57"]
[EventDate "2023.11.13"]
[EventType "swiss"]
[EventCountry "ITA"]
[SourceTitle "playchess.com"]
[Source "ChessBase"]
[SourceQuality "1"]
[TimeControl "40/5400+30:1800+30"]

1. d4 Nf6 2. Bf4 g6 3. Nc3 Bg7 4. e4 d6 5. Qd2 Nbd7 6. O-O-O O-O 7. f3 c5 8. dxc5 dxc5 9. Bh6 Qa5 10. Kb1 Re8 11. h4 Bh8 12. h5 Nxh5 13. Nge2 c4 14. f4 Nhf6 15. f5 Ng4 16. Nd4 Nxh6 17. Qxh6 Nf8 18. fxg6 fxg6 19. Bxc4+ e6 20. Rdf1 Bg7 21. Rxf8+ Rxf8 22. Qxh7+ Kf7 23. Rf1+ Ke8 24. Qxg6+ Kd8 25. Nxe6+ Bxe6 26. Rd1+ Kc7 27. Qxg7+ Rf7 28. Qg3+ Kc6 29. Qd6# 1-0

[Event "FIDE WYCC Girls U14 2023"]
[Site "Montesilvano"]
[Date "2023.11.23"]
[Round "10.27"]
[White "Valente, Sofia"]
[Black "Yu, Avery"]
[Result "0-1"]
[ECO "D31"]
[WhiteElo "1604"]
[BlackElo "1861"]
[Annotator "NA"]
[PlyCount "60"]
[EventDate "2023.11.13"]
[EventType "swiss"]
[EventCountry "ITA"]
[SourceTitle "playchess.com"]
[Source "ChessBase"]
[SourceQuality "1"]
[TimeControl "40/5400+30:1800+30"]

1. d4 d5 2. c4 e6 3. Nc3 Be7 4. cxd5 exd5 5. Nf3 Nf6 6. Bg5 c6 7. Qc2 h6 8. Bh4 O-O 9. e3 Nh5 10. Bxe7 Qxe7 11. Bd3 Nd7 12. g4 Nf4 13. Bh7+ Kh8 14. O-O-O Ng6 15. Bxg6 fxg6 16. Ne1 Nb6 17. h3 Be6 18. Nd3 Nc4 19. Nf4 Bf7 20. Kb1 g5 21. Nd3 Bg6 22. Rhe1 Rf3 23. Qe2 Raf8 24. Ka1 Bxd3 25. Qxd3 Rxf2 26. Re2 R8f3 27. Rxf2 Rxf2 28. Na4 b5 29. b3 Qa3 30. Qb1 bxa4 0-1